Workbook
Name _1Excel_BuiltIn_Print_Area_1_1_1: 'Прил 1'!$A$1:$C$30
Name _2Excel_BuiltIn_Print_Area_7_1_1: #REF!
Name _2Excel_BuiltIn_Print_Area_7_1_1: #REF!
Name _Toc105952698: 'Прил 3'!$A$2
Name _Toc105952698: #REF!
Name Excel_BuiltIn_Print_Area_1: 'Прил 1'!$A$1:$C$30
Name Excel_BuiltIn_Print_Area_1_1: 'Прил 1'!$A$1:$C$30
Name Excel_BuiltIn_Print_Area_2: #REF!
Name Excel_BuiltIn_Print_Area_2: #REF!
Name Excel_BuiltIn_Print_Area_3: #REF!
Name Excel_BuiltIn_Print_Area_3_1: #REF!
Name Excel_BuiltIn_Print_Area_3_1: #REF!
Name Excel_BuiltIn_Print_Area_4: #REF!
Name Excel_BuiltIn_Print_Area_4: #REF!
Name Excel_BuiltIn_Print_Area_5: 'Прил 3'!$A$1:$I$36
Name Excel_BuiltIn_Print_Area_5: #REF!
Name Excel_BuiltIn_Print_Area_5_1: 'Прил 3'!$A$1:$I$36
Name Excel_BuiltIn_Print_Area_5_1: #REF!
Name Excel_BuiltIn_Print_Area_6: 'Прил 2'!$A$1:$G$37
Name Excel_BuiltIn_Print_Area_6_1: 'Прил 2'!$A$1:$G$37
Name Excel_BuiltIn_Print_Area_7: #REF!
Name Excel_BuiltIn_Print_Area_7: #REF!
Name Excel_BuiltIn_Print_Area_7_1: #REF!
Name Excel_BuiltIn_Print_Area_7_1: #REF!

Sheet Прил 1
C1: Приложение 1 к решению Совета депутатов Адашевского сельского поселения "О бюджете Адашевского сельского поселения Кадошкинского муниципального района Республики Мордовия на 2022 год и на плановый период 2023 и 2024 годов"
A2: ДОХОДЫ БЮДЖЕТА АДАШЕВСКОГО СЕЛЬСКОГО ПОСЕЛЕНИЯ КАДОШКИНСКОГО МУНИЦИПАЛЬНОГО РАЙОНА РЕСПУБЛИКИ МОРДОВИЯ
C3: (тыс.рублей)
A4: Код бюджетной классификации доходов бюджета | B4: Наименование доходов | C4: Сумма
C5: 2022 год | D5: 2023 год | E5: 2024 год
A6: 1 | B6: 2 | C6: 3 | D6: 4 | E6: 5
B7: ВСЕГО | C7: =SUM(C8+C22) -> 1244.4 | D7: =SUM(D8+D22) -> 1012.1 | E7: =SUM(E8+E22) -> 1050.3
A8: 00010000000000000000 | B8: НАЛОГОВЫЕ И НЕНАЛОГОВЫЕ ДОХОДЫ | C8: =C9+C12+C14+C16+C19 -> 520.1 | D8: =D9+D12+D14+D16+D19 -> 532 | E8: =E9+E12+E14+E16+E19 -> 541.9
A9: 00010100000000000000 | B9: НАЛОГИ НА ПРИБЫЛЬ, ДОХОДЫ | C9: =SUM(C10) -> 21 | D9: =SUM(D10) -> 22 | E9: =SUM(E10) -> 23
A10: 00010102000010000110 | B10: Налог на доходы физических лиц | C10: =SUM(C11) -> 21 | D10: =SUM(D11) -> 22 | E10: =SUM(E11) -> 23
A11: 18210102010010000110 | B11: Налог на доходы физических лиц с доходов, источником которых является налоговый агент, за исключением доходов, в отношении которых исчисление и уплата налога осуществляются в соответствии со статьями 227, 227.1 и 228 Налогового кодекса Российской Федерации | C11: 21 | D11: 22 | E11: 23
A12: 00010500000000000000 | B12: НАЛОГИ НА СОВОКУПНЫЙ ДОХОД | C12: =SUM(C13) -> 54 | D12: =SUM(D13) -> 55 | E12: =SUM(E13) -> 55
A13: 18210503010010000110 | B13: Единый сельскохозяйственный налог | C13: 54 | D13: 55 | E13: 55
A14: 00010600000000000000 | B14: НАЛОГИ НА ИМУЩЕСТВО | C14: =SUM(C15) -> 46 | D14: =SUM(D15) -> 46 | E14: =SUM(E15) -> 47
A15: 18210601030100000110 | B15: Налог на имущество физических лиц, взимаемый по ставкам, применяемым к объектам налогообложения, расположенным в границах сельских поселений | C15: 46 | D15: 46 | E15: 47
A16: 00010606000000000110 | B16: Земельный налог | C16: =SUM(C17+C18) -> 352 | D16: =SUM(D17+D18) -> 360 | E16: =SUM(E17+E18) -> 366
A17: 18210606033100000110 | B17: Земельный налог с организаций, обладающих земельным участком, расположенным в границах сельских поселений | C17: 152 | D17: 160 | E17: 166
A18: 18210606043100000110 | B18: Земельный налог с физических лиц, обладающих земельным участком, расположенным в границах сельских поселений | C18: 200 | D18: 200 | E18: 200
A19: 00011100000000000000 | B19: ДОХОДЫ ОТ ИСПОЛЬЗОВАНИЯ ИМУЩЕСТВА, НАХОДЯЩЕГОСЯ В ГОСУДАРСТВЕННОЙ И МУНИЦИПАЛЬНОЙ СОБСТВЕННОСТИ | C19: =C20+C21 -> 47.1 | D19: =D20+D21 -> 49 | E19: =E20+E21 -> 50.9
A20: 91011105025100000120 | B20: Доходы, получаемые в виде арендной платы, а также средства от продажи права на заключение договоров аренды за земли, находящиеся в собственности поселений (за исключением земельных участков муниципальных бюджетных и автономных учреждений) | C20: 17.2 | D20: 17.9 | E20: 18.6
A21: 91011105035100000120 | B21: Доходы от сдачи в аренду имущества, находящегося в оперативном управлении органов управления поселений и созданных ими учреждений (за исключением имущества муниципальных бюджетных и автономных учреждений) | C21: 29.9 | D21: 31.1 | E21: 32.3
A22: 00020200000000000000 | B22: БЕЗВОЗМЕЗДНЫЕ ПОСТУПЛЕНИЯ ОТ ДРУГИХ БЮДЖЕТОВ БЮДЖЕТНОЙ СИСТЕМЫ РОССИЙСКОЙ ФЕДЕРАЦИИ | C22: =SUM(C26+C29+C23) -> 724.3 | D22: =SUM(D26+D29+D23) -> 480.1 | E22: =SUM(E26+E29+E23) -> 508.4
A23: 00020210000000000150 | B23: Дотации бюджетам бюджетной системы Российской Федерации | C23: =C24+C25 -> 333.3 | D23: =D24+D25 -> 87.2 | E23: =E24+E25 -> 96.1
A24: 91020215001100000150 | B24: Дотации бюджетам сельских поселений на выравнивание бюджетной обеспеченности | C24: 116.1 | D24: 87.2 | E24: 96.1
A25: 91020215002100000150 | B25: Дотации бюджетам сельских поселений на поддержку мер по обеспечению сбалансированности бюджетов | C25: 217.2 | D25: 0 | E25: 0
A26: 00020230000000000150 | B26: Субвенции бюджетам бюджетной системы Российской Федерации | C26: =SUM(C27+C28) -> 89.9 | D26: =SUM(D27+D28) -> 92.9 | E26: =SUM(E27+E28) -> 96.1
A27: 91020230024100000150 | B27: Субвенции на осуществление государственных полномочий Республики Мордовия по определению перечня должностных лиц, уполномоченных составлять протоколы об административных правонарушениях, предусмотренных Законом Республики Мордовия от 15 июня 2015 года № 38-З "Об административной ответственности на территории Республики Мордовия" | C27: 0.1 | D27: 0.1 | E27: 0.1
A28: 91020235118100000150 | B28: Субвенции бюджетам сельских поселений на осуществление первичного воинского учета на территориях, где отсутствуют военные комиссариаты | C28: 89.8 | D28: 92.8 | E28: 96
A29: 00020240000000000150 | B29: Иные межбюджетные трансферты | C29: =SUM(C30) -> 301.1 | D29: =SUM(D30) -> 300 | E29: =SUM(E30) -> 316.2
A30: 91020240014100000150 | B30: Межбюджетные трансферты, передаваемые бюджетам сельских поселений из бюджетов муниципальных районов на осуществление части полномочий по решению вопросов местного значения в соответствии с заключенными соглашениями | C30: =261.8+34.4+4.9 -> 301.1 | D30: =265.6+34.4 -> 300 | E30: =281.8+34.4 -> 316.2

Sheet Прил 2
J1: Приложение 2 к решению Совета депутатов Адашевского сельского поселения "О бюджете Адашевского сельского поселения Кадошкинского муниципального района Республики Мордовия на 2022 год и на плановый период 2023 и 2024 годов"
A2: ВЕДОМСТВЕННАЯ СТРУКТУРА РАСХОДОВ БЮДЖЕТА АДАШЕВСКОГО СЕЛЬСКОГО ПОСЕЛЕНИЯ КАДОШКИНСКОГО МУНИЦИПАЛЬНОГО РАЙОНА РЕСПУБЛИКИ МОРДОВИЯ НА 2022 ГОД И НА ПЛАНОВЫЙ ПЕРИОД 2023 И 2024 ГОДОВ
L3: (тыс. рублей)
A4: Наименование | B4: Адм | C4: Рз | D4: Прз | E4: Цср | I4: Вр | J4: Сумма
J5: 2022 год | K5: 2023 год | L5: 2024 год
A6: 1 | B6: 2 | C6: 3 | D6: 4 | E6: 5 | F6: 6 | G6: 7 | H6: 8 | I6: 9 | J6: 10 | K6: 11 | L6: 12
A7: ВСЕГО | J7: =J8 -> 1244.44 | K7: =K8 -> 1012.1 | L7: =L8 -> 1050.3
A8: Администрация Адашевского сельского поселения Кадошкинского муниципального района Республики Мордовия | B8: 910 | J8: =J9+J38+J47+J54+J70+J77 -> 1244.44 | K8: =K9+K38+K47+K54+K70+K77+K89 -> 1012.1 | L8: =L9+L38+L47+L54+L70+L77+L89 -> 1050.3
A9: Общегосударственные вопросы | B9: 910 | C9: 01 | J9: =J10+J16+J32 -> 649.34 | K9: =K10+K16+K32 -> 453.4 | L9: =L10+L16+L32 -> 468.4
A10: Функционирование высшего должностного лица субъекта Российской Федерации и муниципального образования | B10: 910 | C10: 01 | D10: 02 | J10: =J11 -> 252.14 | K10: =K11 -> 123.8 | L10: =L11 -> 123.5
A11: Обеспечение деятельности администрации | B11: 910 | C11: 01 | D11: 02 | E11: 65 | J11: =J12 -> 252.14 | K11: =K12 -> 123.8 | L11: =L12 -> 123.5
A12: Высшее должностное лицо | B12: 910 | C12: 01 | D12: 02 | E12: 65 | F12: 1 | J12: =J13 -> 252.14 | K12: =K13 -> 123.8 | L12: =L13 -> 123.5
A13: Расходы на выплаты по оплате труда высшего должностного лица | B13: 910 | C13: 01 | D13: 02 | E13: 65 | F13: 1 | G13: 00 | H13: 41150 | J13: =J14 -> 252.14 | K13: =K14 -> 123.8 | L13: =L14 -> 123.5
A14: Расходы на выплаты персоналу в целях обеспечения выполнения функций государственными (муниципальными) органами, казенными учреждениями, органами управления государственными внебюджетными фондами | B14: 910 | C14: 01 | D14: 02 | E14: 65 | F14: 1 | G14: 00 | H14: 41150 | I14: 100 | J14: =J15 -> 252.14 | K14: =K15 -> 123.8 | L14: =L15 -> 123.5
A15: Расходы на выплаты персоналу государственных (муниципальных) органов | B15: 910 | C15: 01 | D15: 02 | E15: 65 | F15: 1 | G15: 00 | H15: 41150 | I15: 120 | J15: 252.14 | K15: 123.8 | L15: 123.5
A16: Функционирование Правительства Российской Федерации, высших органов исполнительной власти субъектов Российской Федерации, местных администраций | B16: 910 | C16: 01 | D16: 04 | J16: =J17+J27 -> 396.2 | K16: =K17+K27 -> 328.6 | L16: =L17+L27 -> 343.9
A17: Обеспечение деятельности администрации | B17: 910 | C17: 01 | D17: 04 | E17: 65 | J17: =J18 -> 396.1 | K17: =K18 -> 328.5 | L17: =L18 -> 343.8
A18: Непрограммные расходы в рамках обеспечения деятельности администрации | B18: 910 | C18: 01 | D18: 04 | E18: 65 | F18: 2 | J18: =J20+J22 -> 396.1 | K18: =K20+K22 -> 328.5 | L18: =L20+L22 -> 343.8
A19: Расходы на выплаты по оплате труда работников органов местного самоуправления | B19: 910 | C19: 01 | D19: 04 | E19: 65 | F19: 2 | G19: 00 | H19: 41110 | J19: =J20 -> 256.1 | K19: =K20 -> 243.6 | L19: =L20 -> 250.7
A20: Расходы на выплаты персоналу в целях обеспечения выполнения функций государственными (муниципальными) органами, казенными учреждениями, органами управления государственными внебюджетными фондами | B20: 910 | C20: 01 | D20: 04 | E20: 65 | F20: 2 | G20: 00 | H20: 41110 | I20: 100 | J20: =J21 -> 256.1 | K20: =K21 -> 243.6 | L20: =L21 -> 250.7
A21: Расходы на выплаты персоналу государственных (муниципальных) органов | B21: 910 | C21: 01 | D21: 04 | E21: 65 | F21: 2 | G21: 00 | H21: 41110 | I21: 120 | J21: 256.1 | K21: 243.6 | L21: 250.7
A22: Расходы на обеспечение функций органов местного самоуправления | B22: 910 | C22: 01 | D22: 04 | E22: 65 | F22: 2 | G22: 00 | H22: 41120 | J22: =J25+J23 -> 140 | K22: =K25+K23 -> 84.9 | L22: =L25+L23 -> 93.1
A23: Закупка товаров, работ и услуг для обеспечения государственных (муниципальных) нужд | B23: 910 | C23: 01 | D23: 04 | E23: 65 | F23: 2 | G23: 00 | H23: 41120 | I23: 200 | J23: =J24 -> 112.4 | K23: =K24 -> 62.5 | L23: =L24 -> 70.7
A24: Иные закупки товаров, работ и услуг для обеспечения государственных (муниципальных) нужд | B24: 910 | C24: 01 | D24: 04 | E24: 65 | F24: 2 | G24: 00 | H24: 41120 | I24: 240 | J24: 112.4 | K24: 62.5 | L24: 70.7
A25: Иные бюджетные ассигнования | B25: 910 | C25: 01 | D25: 04 | E25: 65 | F25: 2 | G25: 00 | H25: 41120 | I25: 800 | J25: =J26 -> 27.6 | K25: =K26 -> 22.4 | L25: =L26 -> 22.4
A26: Уплата налогов, сборов и иных платежей | B26: 910 | C26: 01 | D26: 04 | E26: 65 | F26: 2 | G26: 00 | H26: 41120 | I26: 850 | J26: 27.6 | K26: 22.4 | L26: 22.4
A27: Непрограммные расходы главных распорядителей средств бюджета Адашевского сельского поселения Кадошкинского муниципального района Республики Мордовия | B27: 910 | C27: 01 | D27: 04 | E27: 89 | J27: =J28 -> 0.1 | K27: =K28 -> 0.1 | L27: =L28 -> 0.1
A28: Непрограммные расходы в рамках обеспечения деятельности главных распорядителей средств бюджета Адашевского сельского поселения Кадошкинского муниципального района Республики Мордовия | B28: 910 | C28: 01 | D28: 04 | E28: 89 | F28: 1 | J28: =J29 -> 0.1 | K28: =K29 -> 0.1 | L28: =L29 -> 0.1
A29: Осуществление государственных полномочий Республики Мордовия по определению перечня должностных лиц, уполномоченных составлять протоколы об административных правонарушениях, предусмотренных Законом Республики Мордовия от 15 июня 2015 года № 38-З "Об административной ответственности на территории Республики Мордовия" | B29: 910 | C29: 01 | D29: 04 | E29: 89 | F29: 1 | G29: 00 | H29: 77150 | J29: =J30 -> 0.1 | K29: =K30 -> 0.1 | L29: =L30 -> 0.1
A30: Закупка товаров, работ и услуг для обеспечения государственных (муниципальных) нужд | B30: 910 | C30: 01 | D30: 04 | E30: 89 | F30: 1 | G30: 00 | H30: 77150 | I30: 200 | J30: =J31 -> 0.1 | K30: =K31 -> 0.1 | L30: =L31 -> 0.1
A31: Иные закупки товаров, работ и услуг для обеспечения государственных (муниципальных) нужд | B31: 910 | C31: 01 | D31: 04 | E31: 89 | F31: 1 | G31: 00 | H31: 77150 | I31: 240 | J31: 0.1 | K31: 0.1 | L31: 0.1
A32: Резервные фонды | B32: 910 | C32: 01 | D32: 11 | J32: =J33 -> 1 | K32: =K33 -> 1 | L32: =L33 -> 1
A33: Непрограммные расходы главных распорядителей средств бюджета Адашевского сельского поселения Кадошкинского муниципального района Республики Мордовия | B33: 910 | C33: 01 | D33: 11 | E33: 89 | J33: =J34 -> 1 | K33: =K34 -> 1 | L33: =L34 -> 1
A34: Непрограммные расходы в рамках обеспечения деятельности главных распорядителей средств бюджета Адашевского сельского поселения Кадошкинского муниципального района Республики Мордовия | B34: 910 | C34: 01 | D34: 11 | E34: 89 | F34: 1 | J34: =J35 -> 1 | K34: =K35 -> 1 | L34: =L35 -> 1
A35: Резервный фонд администрации Адашевского сельского поселения Кадошкинского муниципального района Республики Мордовия | B35: 910 | C35: 01 | D35: 11 | E35: 89 | F35: 1 | G35: 00 | H35: 41180 | J35: =J36 -> 1 | K35: =K36 -> 1 | L35: =L36 -> 1
A36: Иные бюджетные ассигнования | B36: 910 | C36: 01 | D36: 11 | E36: 89 | F36: 1 | G36: 00 | H36: 41180 | I36: 800 | J36: =J37 -> 1 | K36: =K37 -> 1 | L36: =L37 -> 1
A37: Резервные средства | B37: 910 | C37: 01 | D37: 11 | E37: 89 | F37: 1 | G37: 00 | H37: 41180 | I37: 870 | J37: 1 | K37: 1 | L37: 1
A38: Национальная оборона | B38: 910 | C38: 02 | J38: =J39 -> 89.8 | K38: =K39 -> 92.8 | L38: =L39 -> 96
A39: Мобилизационная и вневойсковая подготовка | B39: 910 | C39: 02 | D39: 03 | J39: =J42 -> 89.8 | K39: =K42 -> 92.8 | L39: =L42 -> 96
A40: Непрограммные расходы главных распорядителей средств бюджета Адашевского сельского поселения Кадошкинского муниципального района Республики Мордовия | B40: 910 | C40: 02 | D40: 03 | E40: 89 | J40: =J41 -> 89.8 | K40: =K41 -> 92.8 | L40: =L41 -> 96
A41: Непрограммные расходы в рамках обеспечения деятельности главных распорядителей средств бюджета Адашевского сельского поселения Кадошкинского муниципального района Республики Мордовия | B41: 910 | C41: 02 | D41: 03 | E41: 89 | F41: 1 | J41: =J42 -> 89.8 | K41: =K42 -> 92.8 | L41: =L42 -> 96
A42: Осуществление государственных полномочий Российской Федерации о первичному воинскому учету на территориях, где отсутствуют военные комиссариаты | B42: 910 | C42: 02 | D42: 03 | E42: 89 | F42: 1 | G42: 00 | H42: 51180 | J42: =J43+J45 -> 89.8 | K42: =K43+K45 -> 92.8 | L42: =L43+L45 -> 96
A43: Расходы на выплаты персоналу в целях обеспечения выполнения функций государственными (муниципальными) органами, казенными учреждениями, органами управления государственными внебюджетными фондами | B43: 910 | C43: 02 | D43: 03 | E43: 89 | F43: 1 | G43: 00 | H43: 51180 | I43: 100 | J43: =J44 -> 85.8 | K43: =K44 -> 88.8 | L43: =L44 -> 92
A44: Расходы на выплаты персоналу государственных (муниципальных) органов | B44: 910 | C44: 02 | D44: 03 | E44: 89 | F44: 1 | G44: 00 | H44: 51180 | I44: 120 | J44: 85.8 | K44: 88.8 | L44: 92
A45: Закупка товаров, работ и услуг для обеспечения государственных (муниципальных) нужд | B45: 910 | C45: 02 | D45: 03 | E45: 89 | F45: 1 | G45: 00 | H45: 51180 | I45: 200 | J45: =J46 -> 4 | K45: =K46 -> 4 | L45: =L46 -> 4
A46: Иные закупки товаров, работ и услуг для обеспечения государственных (муниципальных) нужд | B46: 910 | C46: 02 | D46: 03 | E46: 89 | F46: 1 | G46: 00 | H46: 51180 | I46: 240 | J46: 4 | K46: 4 | L46: 4
A47: Национальная экономика | B47: 910 | C47: 04 | J47: =J48 -> 266.7 | K47: =K48 -> 265.6 | L47: =L48 -> 281.8
A48: Дорожное хозяйство (дорожные фонды) | B48: 910 | C48: 04 | D48: 09 | J48: =J49 -> 266.7 | K48: =K49 -> 265.6 | L48: =L49 -> 281.8
A49: Непрограммные расходы главных распорядителей средств бюджета Адашевского сельского поселения Кадошкинского муниципального района Республики Мордовия | B49: 910 | C49: 04 | D49: 09 | E49: 89 | J49: =J51 -> 266.7 | K49: =K51 -> 265.6 | L49: =L51 -> 281.8
A50: Непрограммные расходы в рамках обеспечения деятельности главных распорядителей средств бюджета Адашевского сельского поселения Кадошкинского муниципального района Республики Мордовия | B50: 910 | C50: 04 | D50: 09 | E50: 89 | F50: 1
A51: Иные межбюджетные трансферты на осуществление полномочий по дорожной деятельности в отношении автомобильных дорог местного значения в границах населенных пунктов поселения и обеспечению безопасности дорожного движения на них, включая создание и обеспечение функционирования парковок (парковочных мест), осуществлению муниципального контроля за сохранностью автомобильных дорог местного значения в границах населенных пунктов поселения, организации дорожного движения, а также осуществлению иных полномочий в области использования автомобильных дорог и осуществления дорожной деятельности в соответствии с законодательством Российской Федерации | B51: 910 | C51: 04 | D51: 09 | E51: 89 | F51: 1 | G51: 00 | H51: 44102 | J51: =J52 -> 266.7 | K51: =K52 -> 265.6 | L51: =L52 -> 281.8
A52: Закупка товаров, работ и услуг для обеспечения государственных (муниципальных) нужд | B52: 910 | C52: 04 | D52: 09 | E52: 89 | F52: 1 | G52: 00 | H52: 44102 | I52: 200 | J52: =J53 -> 266.7 | K52: =K53 -> 265.6 | L52: =L53 -> 281.8
A53: Иные закупки товаров, работ и услуг для обеспечения государственных (муниципальных) нужд | B53: 910 | C53: 04 | D53: 09 | E53: 89 | F53: 1 | G53: 00 | H53: 44102 | I53: 240 | J53: 266.7 | K53: 265.6 | L53: 281.8
A54: Жилищно-коммунальное хозяйство | B54: 910 | C54: 05 | J54: =J55+J61 -> 168 | K54: =K55+K61 -> 129.7 | L54: =L55+L61 -> 133.5
A55: Коммунальное хозяйство | B55: 910 | C55: 05 | D55: 02 | J55: =J56 -> 34.4 | K55: =K56 -> 34.4 | L55: =L56 -> 34.4
A56: Непрограммные расходы главных распорядителей средств бюджета Адашевского сельского поселения Кадошкинского муниципального района Республики Мордовия | B56: 910 | C56: 05 | D56: 02 | E56: 89 | J56: =J57 -> 34.4 | K56: =K57 -> 34.4 | L56: =L57 -> 34.4
A57: Непрограммные расходы в рамках обеспечения деятельности главных распорядителей средств бюджета Адашевского сельского поселения Кадошкинского муниципального района Республики Мордовия | B57: 910 | C57: 05 | D57: 02 | E57: 89 | F57: 1 | J57: =J58 -> 34.4 | K57: =K58 -> 34.4 | L57: =L58 -> 34.4
A58: Иные межбюджетные трансферты на осуществление полномочий по организации в границах поселения электро-, тепло-, газо- и водоснабжения населения, водоотведения, снабжения населения топливом в пределах полномочий, установленных законодательством Российской Федерации | B58: 910 | C58: 05 | D58: 02 | E58: 89 | F58: 1 | G58: 00 | H58: 44101 | J58: =J59 -> 34.4 | K58: =K59 -> 34.4 | L58: =L59 -> 34.4
A59: Закупка товаров, работ и услуг для обеспечения государственных (муниципальных) нужд | B59: 910 | C59: 05 | D59: 02 | E59: 89 | F59: 1 | G59: 00 | H59: 44101 | I59: 200 | J59: =J60 -> 34.4 | K59: =K60 -> 34.4 | L59: =L60 -> 34.4
A60: Иные закупки товаров, работ и услуг для обеспечения государственных (муниципальных) нужд | B60: 910 | C60: 05 | D60: 02 | E60: 89 | F60: 1 | G60: 00 | H60: 44101 | I60: 240 | J60: 34.4 | K60: 34.4 | L60: 34.4
A61: Благоустройство | B61: 910 | C61: 05 | D61: 03 | J61: =J62 -> 133.6 | K61: =K62 -> 95.3 | L61: =L62 -> 99.1
A62: Непрограммные расходы главных распорядителей средств бюджета Адашевского сельского поселения Кадошкинского муниципального района Республики Мордовия | B62: 910 | C62: 05 | D62: 03 | E62: 89 | J62: =J64+J67 -> 133.6 | K62: =K64+K67 -> 95.3 | L62: =L64+L67 -> 99.1
A63: Непрограммные расходы в рамках обеспечения деятельности главных распорядителей средств бюджета Адашевского сельского поселения Кадошкинского муниципального района Республики Мордовия | B63: 910 | C63: 05 | D63: 03 | E63: 89 | F63: 1 | J63: =J64+J67 -> 133.6 | K63: =K64+K67 -> 95.3 | L63: =L64+L67 -> 99.1
A64: Уличное освещение | B64: 910 | C64: 05 | D64: 03 | E64: 89 | F64: 1 | G64: 00 | H64: 43010 | J64: =J65 -> 50 | K64: =K65 -> 50 | L64: =L65 -> 50
A65: Закупка товаров, работ и услуг для обеспечения государственных (муниципальных) нужд | B65: 910 | C65: 05 | D65: 03 | E65: 89 | F65: 1 | G65: 00 | H65: 43010 | I65: 200 | J65: =J66 -> 50 | K65: =K66 -> 50 | L65: =L66 -> 50
A66: Иные закупки товаров, работ и услуг для обеспечения государственных (муниципальных) нужд | B66: 910 | C66: 05 | D66: 03 | E66: 89 | F66: 1 | G66: 00 | H66: 43010 | I66: 240 | J66: 50 | K66: 50 | L66: 50
A67: Прочие мероприятия по благоустройству | B67: 910 | C67: 05 | D67: 03 | E67: 89 | F67: 1 | G67: 00 | H67: 43040 | J67: =J68 -> 83.6 | K67: =K68 -> 45.3 | L67: =L68 -> 49.1
A68: Закупка товаров, работ и услуг для обеспечения государственных (муниципальных) нужд | B68: 910 | C68: 05 | D68: 03 | E68: 89 | F68: 1 | G68: 00 | H68: 43040 | I68: 200 | J68: =J69 -> 83.6 | K68: =K69 -> 45.3 | L68: =L69 -> 49.1
A69: Иные закупки товаров, работ и услуг для обеспечения государственных (муниципальных) нужд | B69: 910 | C69: 05 | D69: 03 | E69: 89 | F69: 1 | G69: 00 | H69: 43040 | I69: 240 | J69: 83.6 | K69: 45.3 | L69: 49.1
A70: Социальная политика | B70: 910 | C70: 10 | J70: =J71 -> 69.6 | K70: =K71 -> 46.6 | L70: =L71 -> 21.9
A71: Пенсионное обеспечение | B71: 910 | C71: 10 | D71: 01 | J71: =J72 -> 69.6 | K71: =K72 -> 46.6 | L71: =L72 -> 21.9
A72: Непрограммные расходы главных распорядителей средств бюджета Адашевского сельского поселения Кадошкинского муниципального района Республики Мордовия | B72: 910 | C72: 10 | D72: 01 | E72: 89 | J72: =J73 -> 69.6 | K72: =K73 -> 46.6 | L72: =L73 -> 21.9
A73: Непрограммные расходы в рамках обеспечения деятельности главных распорядителей средств бюджета Адашевского сельского поселения Кадошкинского муниципального района Республики Мордовия | B73: 910 | C73: 10 | D73: 01 | E73: 89 | F73: 1 | J73: =J74 -> 69.6 | K73: =K74 -> 46.6 | L73: =L74 -> 21.9
A74: Доплаты к пенсиям муниципальных служащих Республики Мордовия | B74: 910 | C74: 10 | D74: 01 | E74: 89 | F74: 1 | G74: 00 | H74: 03010 | J74: =J75 -> 69.6 | K74: =K75 -> 46.6 | L74: =L75 -> 21.9
A75: Социальное обеспечение и иные выплаты населению | B75: 910 | C75: 10 | D75: 01 | E75: 89 | F75: 1 | G75: 00 | H75: 03010 | I75: 300 | J75: =J76 -> 69.6 | K75: =K76 -> 46.6 | L75: =L76 -> 21.9
A76: Публичные нормативные социальные выплаты гражданам | B76: 910 | C76: 10 | D76: 01 | E76: 89 | F76: 1 | G76: 00 | H76: 03010 | I76: 310 | J76: 69.6 | K76: =69.6-K90 -> 46.6 | L76: =69.6-L90 -> 21.9
A77: Обслуживание государственного и муниципального долга | B77: 910 | C77: 13 | J77: =J78 -> 1 | K77: =K78 -> 1 | L77: =L78 -> 1
A78: Обслуживание государственного внутреннего и муниципального долга | B78: 910 | C78: 13 | D78: 01 | J78: =J79 -> 1 | K78: =K79 -> 1 | L78: =L79 -> 1
A79: Непрограммные расходы главных распорядителей средств бюджета Адашевского сельского поселения Кадошкинского муниципального района Республики Мордовия | B79: 910 | C79: 13 | D79: 01 | E79: 89 | J79: =J80 -> 1 | K79: =K80 -> 1 | L79: =L80 -> 1
A80: Непрограммные расходы в рамках обеспечения деятельности главных распорядителей средств бюджета Адашевского сельского поселения Кадошкинского муниципального района Республики Мордовия | B80: 910 | C80: 13 | D80: 01 | E80: 89 | F80: 1 | J80: =J81 -> 1 | K80: =K81 -> 1 | L80: =L81 -> 1
A81: Процентные платежи по муниципальному долгу | B81: 910 | C81: 13 | D81: 01 | E81: 89 | F81: 1 | G81: 00 | H81: 41240 | J81: =J82 -> 1 | K81: =K82 -> 1 | L81: =L82 -> 1
A82: Обслуживание государственного (муниципального) долга | B82: 910 | C82: 13 | D82: 01 | E82: 89 | F82: 1 | G82: 00 | H82: 41240 | I82: 700 | J82: =J83 -> 1 | K82: =K83 -> 1 | L82: =L83 -> 1
A83: Обслуживание муниципального долга | B83: 910 | C83: 13 | D83: 01 | E83: 89 | F83: 1 | G83: 00 | H83: 41240 | I83: 730 | J83: 1 | K83: 1 | L83: 1
A84: Условно утверждаемые расходы | B84: 910 | C84: 99 | K84: =K85 -> 23 | L84: =L85 -> 47.7
A85: Условно утверждаемые расходы | B85: 910 | C85: 99 | D85: 99 | K85: =K86 -> 23 | L85: =L86 -> 47.7
A86: Непрограммные расходы главных распорядителей средств бюджета Адашевского сельского поселения Кадошкинского муниципального района Республики Мордовия | B86: 910 | C86: 99 | D86: 99 | E86: 89 | F86: 0 | K86: =K87 -> 23 | L86: =L87 -> 47.7
A87: Непрограммные расходы в рамках обеспечения деятельности главных распорядителей средств бюджета Адашевского сельского поселения Кадошкинского муниципального района Республики Мордовия | B87: 910 | C87: 99 | D87: 99 | E87: 89 | F87: 1 | K87: =K88 -> 23 | L87: =L88 -> 47.7
A88: Условно утверждаемые расходы | B88: 910 | C88: 99 | D88: 99 | E88: 89 | F88: 1 | G88: 00 | H88: 41990 | K88: =K89 -> 23 | L88: =L89 -> 47.7
A89: Иные бюджетные ассигнования | B89: 910 | C89: 99 | D89: 99 | E89: 89 | F89: 1 | G89: 00 | H89: 41990 | I89: 800 | K89: =K90 -> 23 | L89: =L90 -> 47.7
A90: Резервные средства | B90: 910 | C90: 99 | D90: 99 | E90: 89 | F90: 1 | G90: 00 | H90: 41990 | I90: 870 | K90: 23 | L90: 47.7

Sheet Прил 3
I1: Приложение 3 к решению Совета депутатов Адашевского сельского поселения "О бюджете Адашевского сельского поселения Кадошкинского муниципального района Республики Мордовия на 2022 год и на плановый период 2023 и 2024 годов"
A2: РАСПРЕДЕЛЕНИЕ БЮДЖЕТНЫХ АССИГНОВАНИЙ БЮДЖЕТА АДАШЕВСКОГО СЕЛЬСКОГО ПОСЕЛЕНИЯ КАДОШКИНСКОГО МУНИЦИПАЛЬНОГО РАЙОНА РЕСПУБЛИКИ МОРДОВИЯ ПО РАЗДЕЛАМ, ПОДРАЗДЕЛАМ, ЦЕЛЕВЫМ СТАТЬЯМ (МУНИЦИПАЛЬНЫМ ПРОГРАММАМ И НЕПРОГРАММНЫМ НАПРАВЛЕНИЯМ ДЕЯТЕЛЬНОСТИ), ГРУППАМ И ПОДГРУППАМ ВИДОВ РАСХОДОВ КЛАССИФИКАЦИИ РАСХОДОВ БЮДЖЕТОВ НА 2022 ГОД И НА ПЛАНОВЫЙ ПЕРИОД 2023 И 2024 ГОДОВ
K3: (тыс. рублей)
A4: Наименование | B4: Рз | C4: Прз | D4: Цср | H4: Вр | I4: Сумма
I5: 2022 год | J5: 2023 год | K5: 2024 год
A6: 1 | B6: 2 | C6: 3 | D6: 4 | E6: 5 | F6: 6 | G6: 7 | H6: 8 | I6: 9 | J6: 10 | K6: 11
A7: ВСЕГО | I7: =I8+I37+I46+I53+I67+I74 -> 1244.44 | J7: =J8+J37+J46+J53+J67+J74+J86 -> 1012.1 | K7: =K8+K37+K46+K53+K67+K74+K86 -> 1050.3
A8: Общегосударственные вопросы | B8: 01 | I8: =I9+I15+I31 -> 649.34 | J8: =J9+J15+J31 -> 453.4 | K8: =K9+K15+K31 -> 468.4
A9: Функционирование высшего должностного лица субъекта Российской Федерации и муниципального образования | B9: 01 | C9: 02 | I9: =I10 -> 252.14 | J9: =J10 -> 123.8 | K9: =K10 -> 123.5
A10: Обеспечение деятельности администрации | B10: 01 | C10: 02 | D10: 65 | I10: =I11 -> 252.14 | J10: =J11 -> 123.8 | K10: =K11 -> 123.5
A11: Высшее должностное лицо | B11: 01 | C11: 02 | D11: 65 | E11: 1 | I11: =I12 -> 252.14 | J11: =J12 -> 123.8 | K11: =K12 -> 123.5
A12: Расходы на выплаты по оплате труда высшего должностного лица | B12: 01 | C12: 02 | D12: 65 | E12: 1 | F12: 00 | G12: 41150 | I12: =I13 -> 252.14 | J12: =J13 -> 123.8 | K12: =K13 -> 123.5
A13: Расходы на выплаты персоналу в целях обеспечения выполнения функций государственными (муниципальными) органами, казенными учреждениями, органами управления государственными внебюджетными фондами | B13: 01 | C13: 02 | D13: 65 | E13: 1 | F13: 00 | G13: 41150 | H13: 100 | I13: =I14 -> 252.14 | J13: =J14 -> 123.8 | K13: =K14 -> 123.5
A14: Расходы на выплаты персоналу государственных (муниципальных) органов | B14: 01 | C14: 02 | D14: 65 | E14: 1 | F14: 00 | G14: 41150 | H14: 120 | I14: ='Прил 2'!J15 -> 252.14 | J14: ='Прил 2'!K15 -> 123.8 | K14: ='Прил 2'!L15 -> 123.5
A15: Функционирование Правительства Российской Федерации, высших органов исполнительной власти субъектов Российской Федерации, местных администраций | B15: 01 | C15: 04 | I15: =I16+I26 -> 396.2 | J15: =J16+J26 -> 328.6 | K15: =K16+K26 -> 343.9
A16: Обеспечение деятельности администрации | B16: 01 | C16: 04 | D16: 65 | I16: =I17 -> 396.1 | J16: =J17 -> 328.5 | K16: =K17 -> 343.8
A17: Непрограммные расходы в рамках обеспечения деятельности администрации | B17: 01 | C17: 04 | D17: 65 | E17: 2 | I17: =I18+I21 -> 396.1 | J17: =J18+J21 -> 328.5 | K17: =K18+K21 -> 343.8
A18: Расходы на выплаты по оплате труда работников органов местного самоуправления | B18: 01 | C18: 04 | D18: 65 | E18: 2 | F18: 00 | G18: 41110 | I18: =I19 -> 256.1 | J18: =J19 -> 243.6 | K18: =K19 -> 250.7
A19: Расходы на выплаты персоналу в целях обеспечения выполнения функций государственными (муниципальными) органами, казенными учреждениями, органами управления государственными внебюджетными фондами | B19: 01 | C19: 04 | D19: 65 | E19: 2 | F19: 00 | G19: 41110 | H19: 100 | I19: =I20 -> 256.1 | J19: =J20 -> 243.6 | K19: =K20 -> 250.7
A20: Расходы на выплаты персоналу государственных (муниципальных) органов | B20: 01 | C20: 04 | D20: 65 | E20: 2 | F20: 00 | G20: 41110 | H20: 120 | I20: ='Прил 2'!J21 -> 256.1 | J20: ='Прил 2'!K21 -> 243.6 | K20: ='Прил 2'!L21 -> 250.7
A21: Расходы на обеспечение функций органов местного самоуправления | B21: 01 | C21: 04 | D21: 65 | E21: 2 | F21: 00 | G21: 41120 | I21: =I24+I22 -> 140 | J21: =J24+J22 -> 84.9 | K21: =K24+K22 -> 93.1
A22: Закупка товаров, работ и услуг для обеспечения государственных (муниципальных) нужд | B22: 01 | C22: 04 | D22: 65 | E22: 2 | F22: 00 | G22: 41120 | H22: 200 | I22: =I23 -> 112.4 | J22: =J23 -> 62.5 | K22: =K23 -> 70.7
A23: Иные закупки товаров, работ и услуг для обеспечения государственных (муниципальных) нужд | B23: 01 | C23: 04 | D23: 65 | E23: 2 | F23: 00 | G23: 41120 | H23: 240 | I23: ='Прил 2'!J24 -> 112.4 | J23: ='Прил 2'!K24 -> 62.5 | K23: ='Прил 2'!L24 -> 70.7
A24: Иные бюджетные ассигнования | B24: 01 | C24: 04 | D24: 65 | E24: 2 | F24: 00 | G24: 41120 | H24: 800 | I24: =I25 -> 27.6 | J24: =J25 -> 22.4 | K24: =K25 -> 22.4
A25: Уплата налогов, сборов и иных платежей | B25: 01 | C25: 04 | D25: 65 | E25: 2 | F25: 00 | G25: 41120 | H25: 850 | I25: ='Прил 2'!J26 -> 27.6 | J25: ='Прил 2'!K26 -> 22.4 | K25: ='Прил 2'!L26 -> 22.4
A26: Непрограммные расходы главных распорядителей средств бюджета Адашевского сельского поселения Кадошкинского муниципального района Республики Мордовия | B26: 01 | C26: 04 | D26: 89 | I26: =I27 -> 0.1 | J26: =J27 -> 0.1 | K26: =K27 -> 0.1
A27: Непрограммные расходы в рамках обеспечения деятельности главных распорядителей средств бюджета Адашевского сельского поселения Кадошкинского муниципального района Республики Мордовия | B27: 01 | C27: 04 | D27: 89 | E27: 1 | I27: =I28 -> 0.1 | J27: =J28 -> 0.1 | K27: =K28 -> 0.1
A28: Осуществление государственных полномочий Республики Мордовия по определению перечня должностных лиц, уполномоченных составлять протоколы об административных правонарушениях, предусмотренных Законом Республики Мордовия от 15 июня 2015 года № 38-З "Об административной ответственности на территории Республики Мордовия" | B28: 01 | C28: 04 | D28: 89 | E28: 1 | F28: 00 | G28: 77150 | I28: =I29 -> 0.1 | J28: =J29 -> 0.1 | K28: =K29 -> 0.1
A29: Закупка товаров, работ и услуг для обеспечения государственных (муниципальных) нужд | B29: 01 | C29: 04 | D29: 89 | E29: 1 | F29: 00 | G29: 77150 | H29: 200 | I29: =I30 -> 0.1 | J29: =J30 -> 0.1 | K29: =K30 -> 0.1
A30: Иные закупки товаров, работ и услуг для обеспечения государственных (муниципальных) нужд | B30: 01 | C30: 04 | D30: 89 | E30: 1 | F30: 00 | G30: 77150 | H30: 240 | I30: ='Прил 2'!J31 -> 0.1 | J30: ='Прил 2'!K31 -> 0.1 | K30: ='Прил 2'!L31 -> 0.1
A31: Резервные фонды | B31: 01 | C31: 11 | I31: =I32 -> 1 | J31: =J32 -> 1 | K31: =K32 -> 1
A32: Непрограммные расходы главных распорядителей средств бюджета Адашевского сельского поселения Кадошкинского муниципального района Республики Мордовия | B32: 01 | C32: 11 | D32: 89 | I32: =I33 -> 1 | J32: =J33 -> 1 | K32: =K33 -> 1
A33: Непрограммные расходы в рамках обеспечения деятельности главных распорядителей средств бюджета Адашевского сельского поселения Кадошкинского муниципального района Республики Мордовия | B33: 01 | C33: 11 | D33: 89 | E33: 1 | I33: =I34 -> 1 | J33: =J34 -> 1 | K33: =K34 -> 1
A34: Резервный фонд администрации Адашевского сельского поселения Кадошкинского муниципального района Республики Мордовия | B34: 01 | C34: 11 | D34: 89 | E34: 1 | F34: 00 | G34: 41180 | I34: =I35 -> 1 | J34: =J35 -> 1 | K34: =K35 -> 1
A35: Иные бюджетные ассигнования | B35: 01 | C35: 11 | D35: 89 | E35: 1 | F35: 00 | G35: 41180 | H35: 800 | I35: =I36 -> 1 | J35: =J36 -> 1 | K35: =K36 -> 1
A36: Резервные средства | B36: 01 | C36: 11 | D36: 89 | E36: 1 | F36: 00 | G36: 41180 | H36: 870 | I36: ='Прил 2'!J37 -> 1 | J36: ='Прил 2'!K37 -> 1 | K36: ='Прил 2'!L37 -> 1
A37: Национальная оборона | B37: 02 | I37: =I38 -> 89.8 | J37: =J38 -> 92.8 | K37: =K38 -> 96
A38: Мобилизационная и вневойсковая подготовка | B38: 02 | C38: 03 | I38: =I39 -> 89.8 | J38: =J39 -> 92.8 | K38: =K39 -> 96
A39: Непрограммные расходы главных распорядителей средств бюджета Адашевского сельского поселения Кадошкинского муниципального района Республики Мордовия | B39: 02 | C39: 03 | D39: 89 | I39: =I40 -> 89.8 | J39: =J40 -> 92.8 | K39: =K40 -> 96
A40: Непрограммные расходы в рамках обеспечения деятельности главных распорядителей средств бюджета Адашевского сельского поселения Кадошкинского муниципального района Республики Мордовия | B40: 02 | C40: 03 | D40: 89 | E40: 1 | I40: =I41 -> 89.8 | J40: =J41 -> 92.8 | K40: =K41 -> 96
A41: Осуществление государственных полномочий Российской Федерации о первичному воинскому учету на территориях, где отсутствуют военные комиссариаты | B41: 02 | C41: 03 | D41: 89 | E41: 1 | F41: 00 | G41: 51180 | I41: =I42+I44 -> 89.8 | J41: =J42+J44 -> 92.8 | K41: =K42+K44 -> 96
A42: Расходы на выплаты персоналу в целях обеспечения выполнения функций государственными (муниципальными) органами, казенными учреждениями, органами управления государственными внебюджетными фондами | B42: 02 | C42: 03 | D42: 89 | E42: 1 | F42: 00 | G42: 51180 | H42: 100 | I42: =I43 -> 85.8 | J42: =J43 -> 88.8 | K42: =K43 -> 92
A43: Расходы на выплаты персоналу государственных (муниципальных) органов | B43: 02 | C43: 03 | D43: 89 | E43: 1 | F43: 00 | G43: 51180 | H43: 120 | I43: 85.8 | J43: 88.8 | K43: 92
A44: Закупка товаров, работ и услуг для обеспечения государственных (муниципальных) нужд | B44: 02 | C44: 03 | D44: 89 | E44: 1 | F44: 00 | G44: 51180 | H44: 200 | I44: =I45 -> 4 | J44: =J45 -> 4 | K44: =K45 -> 4
A45: Иные закупки товаров, работ и услуг для обеспечения государственных (муниципальных) нужд | B45: 02 | C45: 03 | D45: 89 | E45: 1 | F45: 00 | G45: 51180 | H45: 240 | I45: 4 | J45: ='Прил 2'!K46 -> 4 | K45: ='Прил 2'!L46 -> 4
A46: Национальная экономика | B46: 04 | I46: =I47 -> 266.7 | J46: =J47 -> 265.6 | K46: =K47 -> 281.8
A47: Дорожное хозяйство (дорожные фонды) | B47: 04 | C47: 09 | I47: =I48 -> 266.7 | J47: =J48 -> 265.6 | K47: =K48 -> 281.8
A48: Непрограммные расходы главных распорядителей средств бюджета Адашевского сельского поселения Кадошкинского муниципального района Республики Мордовия | B48: 04 | C48: 09 | D48: 89 | I48: =I49 -> 266.7 | J48: =J49 -> 265.6 | K48: =K49 -> 281.8
A49: Непрограммные расходы в рамках обеспечения деятельности главных распорядителей средств бюджета Адашевского сельского поселения Кадошкинского муниципального района Республики Мордовия | B49: 04 | C49: 09 | D49: 89 | E49: 1 | I49: =I50 -> 266.7 | J49: =J50 -> 265.6 | K49: =K50 -> 281.8
A50: Иные межбюджетные трансферты на осуществление полномочий по дорожной деятельности в отношении автомобильных дорог местного значения в границах населенных пунктов поселения и обеспечению безопасности дорожного движения на них, включая создание и обеспечение функционирования парковок (парковочных мест), осуществлению муниципального контроля за сохранностью автомобильных дорог местного значения в границах населенных пунктов поселения, организации дорожного движения, а также осуществлению иных полномочий в области использования автомобильных дорог и осуществления дорожной деятельности в соответствии с законодательством Российской Федерации | B50: 04 | C50: 09 | D50: 89 | E50: 1 | F50: 00 | G50: 44102 | I50: =I51 -> 266.7 | J50: =J51 -> 265.6 | K50: =K51 -> 281.8
A51: Закупка товаров, работ и услуг для обеспечения государственных (муниципальных) нужд | B51: 04 | C51: 09 | D51: 89 | E51: 1 | F51: 00 | G51: 44102 | H51: 200 | I51: =I52 -> 266.7 | J51: =J52 -> 265.6 | K51: =K52 -> 281.8
A52: Иные закупки товаров, работ и услуг для обеспечения государственных (муниципальных) нужд | B52: 04 | C52: 09 | D52: 89 | E52: 1 | F52: 00 | G52: 44102 | H52: 240 | I52: ='Прил 2'!J53 -> 266.7 | J52: ='Прил 2'!K53 -> 265.6 | K52: ='Прил 2'!L53 -> 281.8
A53: Жилищно-коммунальное хозяйство | B53: 05 | I53: =I54+I60 -> 168 | J53: =J54+J60 -> 129.7 | K53: =K54+K60 -> 133.5
A54: Коммунальное хозяйство | B54: 05 | C54: 02 | I54: =I55 -> 34.4 | J54: =J55 -> 34.4 | K54: =K55 -> 34.4
A55: Непрограммные расходы главных распорядителей средств бюджета Адашевского сельского поселения Кадошкинского муниципального района Республики Мордовия | B55: 05 | C55: 02 | D55: 89 | I55: =I56 -> 34.4 | J55: =J56 -> 34.4 | K55: =K56 -> 34.4
A56: Непрограммные расходы в рамках обеспечения деятельности главных распорядителей средств бюджета Адашевского сельского поселения Кадошкинского муниципального района Республики Мордовия | B56: 05 | C56: 02 | D56: 89 | E56: 1 | I56: =I57 -> 34.4 | J56: =J57 -> 34.4 | K56: =K57 -> 34.4
A57: Иные межбюджетные трансферты на осуществление полномочий по организации в границах поселения электро-, тепло-, газо- и водоснабжения населения, водоотведения, снабжения населения топливом в пределах полномочий, установленных законодательством Российской Федерации | B57: 05 | C57: 02 | D57: 89 | E57: 1 | F57: 00 | G57: 44101 | I57: =I58 -> 34.4 | J57: =J58 -> 34.4 | K57: =K58 -> 34.4
A58: Закупка товаров, работ и услуг для обеспечения государственных (муниципальных) нужд | B58: 05 | C58: 02 | D58: 89 | E58: 1 | F58: 00 | G58: 44101 | H58: 200 | I58: =I59 -> 34.4 | J58: =J59 -> 34.4 | K58: =K59 -> 34.4
A59: Иные закупки товаров, работ и услуг для обеспечения государственных (муниципальных) нужд | B59: 05 | C59: 02 | D59: 89 | E59: 1 | F59: 00 | G59: 44101 | H59: 240 | I59: ='Прил 2'!J60 -> 34.4 | J59: ='Прил 2'!K60 -> 34.4 | K59: ='Прил 2'!L60 -> 34.4
A60: Благоустройство | B60: 05 | C60: 03 | I60: ='Прил 3'!I61+'Прил 3'!I64 -> 133.6 | J60: ='Прил 3'!J61+'Прил 3'!J64 -> 95.3 | K60: ='Прил 3'!K61+'Прил 3'!K64 -> 99.1
A61: Уличное освещение | B61: 05 | C61: 03 | D61: 89 | E61: 1 | F61: 00 | G61: 43010 | I61: =I62 -> 50 | J61: =J62 -> 50 | K61: =K62 -> 50
A62: Закупка товаров, работ и услуг для обеспечения государственных (муниципальных) нужд | B62: 05 | C62: 03 | D62: 89 | E62: 1 | F62: 00 | G62: 43010 | H62: 200 | I62: =I63 -> 50 | J62: =J63 -> 50 | K62: =K63 -> 50
A63: Иные закупки товаров, работ и услуг для обеспечения государственных (муниципальных) нужд | B63: 05 | C63: 03 | D63: 89 | E63: 1 | F63: 00 | G63: 43010 | H63: 240 | I63: ='Прил 2'!J66 -> 50 | J63: ='Прил 2'!K66 -> 50 | K63: ='Прил 2'!L66 -> 50
A64: Прочие мероприятия по благоустройству | B64: 05 | C64: 03 | D64: 89 | E64: 1 | F64: 00 | G64: 43040 | I64: =I65 -> 83.6 | J64: =J65 -> 45.3 | K64: =K65 -> 49.1
A65: Закупка товаров, работ и услуг для обеспечения государственных (муниципальных) нужд | B65: 05 | C65: 03 | D65: 89 | E65: 1 | F65: 00 | G65: 43040 | H65: 200 | I65: =I66 -> 83.6 | J65: =J66 -> 45.3 | K65: =K66 -> 49.1
A66: Иные закупки товаров, работ и услуг для обеспечения государственных (муниципальных) нужд | B66: 05 | C66: 03 | D66: 89 | E66: 1 | F66: 00 | G66: 43040 | H66: 240 | I66: ='Прил 2'!J69 -> 83.6 | J66: ='Прил 2'!K69 -> 45.3 | K66: ='Прил 2'!L69 -> 49.1
A67: Социальная политика | B67: 10 | I67: =I68 -> 69.6 | J67: =J68 -> 46.6 | K67: =K68 -> 21.9
A68: Пенсионное обеспечение | B68: 10 | C68: 01 | I68: =I69 -> 69.6 | J68: =J69 -> 46.6 | K68: =K69 -> 21.9
A69: Непрограммные расходы главных распорядителей средств бюджета Адашевского сельского поселения Кадошкинского муниципального района Республики Мордовия | B69: 10 | C69: 01 | D69: 89 | I69: =I70 -> 69.6 | J69: =J70 -> 46.6 | K69: =K70 -> 21.9
A70: Непрограммные расходы в рамках обеспечения деятельности главных распорядителей средств бюджета Адашевского сельского поселения Кадошкинского муниципального района Республики Мордовия | B70: 10 | C70: 01 | D70: 89 | E70: 1 | I70: =I71 -> 69.6 | J70: =J71 -> 46.6 | K70: =K71 -> 21.9
A71: Доплаты к пенсиям муниципальных служащих Республики Мордовия | B71: 10 | C71: 01 | D71: 89 | E71: 1 | F71: 00 | G71: 03010 | I71: =I72 -> 69.6 | J71: =J72 -> 46.6 | K71: =K72 -> 21.9
A72: Социальное обеспечение и иные выплаты населению | B72: 10 | C72: 01 | D72: 89 | E72: 1 | F72: 00 | G72: 03010 | H72: 300 | I72: =I73 -> 69.6 | J72: =J73 -> 46.6 | K72: =K73 -> 21.9
A73: Публичные нормативные социальные выплаты гражданам | B73: 10 | C73: 01 | D73: 89 | E73: 1 | F73: 00 | G73: 03010 | H73: 310 | I73: ='Прил 2'!J76 -> 69.6 | J73: ='Прил 2'!K76 -> 46.6 | K73: ='Прил 2'!L76 -> 21.9
A74: Обслуживание государственного и муниципального долга | B74: 13 | I74: =I75 -> 1 | J74: =J75 -> 1 | K74: =K75 -> 1
A75: Обслуживание государственного внутреннего и муниципального долга | B75: 13 | C75: 01 | I75: =I76 -> 1 | J75: =J76 -> 1 | K75: =K76 -> 1
A76: Непрограммные расходы главных распорядителей средств бюджета Адашевского сельского поселения Кадошкинского муниципального района Республики Мордовия | B76: 13 | C76: 01 | D76: 89 | E76: 0 | I76: =I77 -> 1 | J76: =J77 -> 1 | K76: =K77 -> 1
A77: Непрограммные расходы в рамках обеспечения деятельности главных распорядителей средств бюджета Адашевского сельского поселения Кадошкинского муниципального района Республики Мордовия | B77: 13 | C77: 01 | D77: 89 | E77: 1 | I77: =I78 -> 1 | J77: =J78 -> 1 | K77: =K78 -> 1
A78: Процентные платежи по муниципальному долгу | B78: 13 | C78: 01 | D78: 89 | E78: 1 | F78: 00 | G78: 41240 | I78: =I79 -> 1 | J78: =J79 -> 1 | K78: =K79 -> 1
A79: Обслуживание государственного (муниципального) долга | B79: 13 | C79: 01 | D79: 89 | E79: 1 | F79: 00 | G79: 41240 | H79: 700 | I79: =I80 -> 1 | J79: =J80 -> 1 | K79: =K80 -> 1
A80: Обслуживание муниципального долга | B80: 13 | C80: 01 | D80: 89 | E80: 1 | F80: 00 | G80: 41240 | H80: 730 | I80: ='Прил 2'!J83 -> 1 | J80: ='Прил 2'!K83 -> 1 | K80: ='Прил 2'!L83 -> 1
A81: Условно утверждаемые расходы | B81: 99 | J81: =J82 -> 23 | K81: =K82 -> 47.7
A82: Условно утверждаемые расходы | B82: 99 | C82: 99 | J82: =J83 -> 23 | K82: =K83 -> 47.7
A83: Непрограммные расходы главных распорядителей средств бюджета Адашевского сельского поселения Кадошкинского муниципального района Республики Мордовия | B83: 99 | C83: 99 | D83: 89 | E83: 0 | J83: =J84 -> 23 | K83: =K84 -> 47.7
A84: Непрограммные расходы в рамках обеспечения деятельности главных распорядителей средств бюджета Адашевского сельского поселения Кадошкинского муниципального района Республики Мордовия | B84: 99 | C84: 99 | D84: 89 | E84: 1 | J84: =J85 -> 23 | K84: =K85 -> 47.7
A85: Условно утверждаемые расходы | B85: 99 | C85: 99 | D85: 89 | E85: 1 | F85: 00 | G85: 41990 | J85: =J86 -> 23 | K85: =K86 -> 47.7
A86: Иные бюджетные ассигнования | B86: 99 | C86: 99 | D86: 89 | E86: 1 | F86: 00 | G86: 41990 | H86: 800 | J86: =J87 -> 23 | K86: =K87 -> 47.7
A87: Резервные средства | B87: 99 | C87: 99 | D87: 89 | E87: 1 | F87: 00 | G87: 41990 | H87: 870 | J87: ='Прил 2'!K90 -> 23 | K87: ='Прил 2'!L90 -> 47.7

Sheet Прил 4
J1: Приложение 4 к решению Совета депутатов Адашевского сельского поселения "О бюджете Адашевского сельского поселения Кадошкинского муниципального района Республики Мордовия на 2022 год и на плановый период 2023 и 2024 годов"
A2: РАСПРЕДЕЛЕНИЕ БЮДЖЕТНЫХ АССИГНОВАНИЙ БЮДЖЕТА АДАШЕВСКОГО СЕЛЬСКОГО ПОСЕЛЕНИЯ КАДОШКИНСКОГО МУНИЦИПАЛЬНОГО РАЙОНА РЕСПУБЛИКИ МОРДОВИЯ ПО ЦЕЛЕВЫМ СТАТЬЯМ (МУНИЦИПАЛЬНЫМ ПРОГРАММАМ И НЕПРОГРАММНЫМ НАПРАВЛЕНИЯМ ДЕЯТЕЛЬНОСТИ), ГРУППАМ И ПОДГРУППАМ ВИДОВ РАСХОДОВ, РАЗДЕЛАМ И ПОДРАЗДЕЛАМ КЛАССИФИКАЦИИ РАСХОДОВ БЮДЖЕТОВ НА 2022 ГОД НА ПЛАНОВЫЙ ПЕРИОД 2023 И 2024 ГОДОВ
L3: (тыс. рублей)
A4: Наименование | B4: Цср | F4: ВР | G4: Рз | H4: Прз | I4: Адм | J4: Сумма
J5: 2022 год | K5: 2023 год | L5: 2024 год
A6: 1 | B6: 2 | C6: 3 | D6: 4 | E6: 5 | F6: 6 | G6: 7 | H6: 8 | I6: 9 | J6: 10 | K6: 11 | L6: 12
A7: ВСЕГО | J7: =J8+J34 -> 1244.44 | K7: =K8+K34+K59 -> 1012.1 | L7: =L8+L34+L59 -> 1050.3
A8: Обеспечение деятельности администрации | B8: 65 | J8: =J9+J16 -> 648.24 | K8: =K9+K16 -> 452.3 | L8: =L9+L16 -> 467.3
A9: Высшее должностное лицо | B9: 65 | C9: 1 | J9: =J10 -> 252.14 | K9: =K10 -> 123.8 | L9: =L10 -> 123.5
A10: Расходы на выплаты по оплате труда высшего должностного лица муниципального образования | B10: 65 | C10: 1 | D10: 00 | E10: 41150 | J10: =J13 -> 252.14 | K10: =K13 -> 123.8 | L10: =L13 -> 123.5
A11: Расходы на выплаты персоналу в целях обеспечения выполнения функций государственными (муниципальными) органами, казенными учреждениями, органами управления государственными внебюджетными фондами | B11: 65 | C11: 1 | D11: 00 | E11: 41150 | F11: 100 | J11: =J12 -> 252.14 | K11: =K12 -> 123.8 | L11: =L12 -> 123.5
A12: Расходы на выплаты персоналу государственных (муниципальных) органов | B12: 65 | C12: 1 | D12: 00 | E12: 41150 | F12: 120 | J12: =J13 -> 252.14 | K12: =K13 -> 123.8 | L12: =L13 -> 123.5
A13: Общегосударственные вопросы | B13: 65 | C13: 1 | D13: 00 | E13: 41150 | F13: 120 | G13: 01 | J13: =J14 -> 252.14 | K13: =K14 -> 123.8 | L13: =L14 -> 123.5
A14: Функционирование высшего должностного лица субъекта Российской Федерации и муниципального образования | B14: 65 | C14: 1 | D14: 00 | E14: 41150 | F14: 120 | G14: 01 | H14: 02 | J14: =J15 -> 252.14 | K14: =K15 -> 123.8 | L14: =L15 -> 123.5
A15: Администрация Адашевского сельского поселения Кадошкинского муниципального района Республики Мордовия | B15: 65 | C15: 1 | D15: 00 | E15: 41150 | F15: 120 | G15: 01 | H15: 02 | I15: 910 | J15: ='Прил 2'!J15 -> 252.14 | K15: ='Прил 2'!K15 -> 123.8 | L15: ='Прил 2'!L15 -> 123.5
A16: Непрограммные расходы в рамках обеспечения деятельности администрации | B16: 65 | C16: 2 | J16: =J17+J23 -> 396.1 | K16: =K17+K23 -> 328.5 | L16: =L17+L23 -> 343.8
A17: Расходы на выплаты по оплате труда работников органов местного самоуправления | B17: 65 | C17: 2 | D17: 00 | E17: 41110 | J17: =J18 -> 256.1 | K17: =K20 -> 243.6 | L17: =L20 -> 250.7
A18: Расходы на выплаты персоналу в целях обеспечения выполнения функций государственными (муниципальными) органами, казенными учреждениями, органами управления государственными внебюджетными фондами | B18: 65 | C18: 2 | D18: 00 | E18: 41110 | F18: 100 | J18: =J19 -> 256.1 | K18: =K19 -> 243.6 | L18: =L19 -> 250.7
A19: Расходы на выплаты персоналу государственных (муниципальных) органов | B19: 65 | C19: 2 | D19: 00 | E19: 41110 | F19: 120 | J19: =J20 -> 256.1 | K19: =K20 -> 243.6 | L19: =L20 -> 250.7
A20: Общегосударственные вопросы | B20: 65 | C20: 2 | D20: 00 | E20: 41110 | F20: 120 | G20: 01 | J20: =J21 -> 256.1 | K20: =K21 -> 243.6 | L20: =L21 -> 250.7
A21: Функционирование Правительства Российской Федерации, высших органов исполнительной власти субъектов Российской Федерации, местных администраций | B21: 65 | C21: 2 | D21: 00 | E21: 41110 | F21: 120 | G21: 01 | H21: 04 | J21: =J22 -> 256.1 | K21: =K22 -> 243.6 | L21: =L22 -> 250.7
A22: Администрация Адашевского сельского поселения Кадошкинского муниципального района Республики Мордовия | B22: 65 | C22: 2 | D22: 00 | E22: 41110 | F22: 120 | G22: 01 | H22: 04 | I22: 910 | J22: ='Прил 2'!J21 -> 256.1 | K22: ='Прил 2'!K21 -> 243.6 | L22: ='Прил 2'!L21 -> 250.7
A23: Расходы на обеспечение функций органов местного самоуправления | B23: 65 | C23: 2 | D23: 00 | E23: 41120 | J23: =J24+J29 -> 140 | K23: =K24+K29 -> 84.9 | L23: =L24+L29 -> 93.1
A24: Иные закупки товаров, работ и услуг для обеспечения государственных (муниципальных) нужд | B24: 65 | C24: 2 | D24: 00 | E24: 41120 | F24: 200 | J24: =J25 -> 112.4 | K24: =K25 -> 62.5 | L24: =L25 -> 70.7
A25: Прочая закупка товаров, работ и услуг | B25: 65 | C25: 2 | D25: 00 | E25: 41120 | F25: 240 | J25: =J26 -> 112.4 | K25: =K26 -> 62.5 | L25: =L26 -> 70.7
A26: Общегосударственные вопросы | B26: 65 | C26: 2 | D26: 00 | E26: 41120 | F26: 240 | G26: 01 | J26: =J27 -> 112.4 | K26: =K27 -> 62.5 | L26: =L27 -> 70.7
A27: Функционирование Правительства Российской Федерации, высших органов исполнительной власти субъектов Российской Федерации, местных администраций | B27: 65 | C27: 2 | D27: 00 | E27: 41120 | F27: 240 | G27: 01 | H27: 04 | J27: =J28 -> 112.4 | K27: =K28 -> 62.5 | L27: =L28 -> 70.7
A28: Администрация Адашевского сельского поселения Кадошкинского муниципального района Республики Мордовия | B28: 65 | C28: 2 | D28: 00 | E28: 41120 | F28: 240 | G28: 01 | H28: 04 | I28: 910 | J28: ='Прил 2'!J24 -> 112.4 | K28: ='Прил 2'!K24 -> 62.5 | L28: ='Прил 2'!L24 -> 70.7
A29: Закупка товаров, работ и услуг для обеспечения государственных (муниципальных) нужд | B29: 65 | C29: 2 | D29: 00 | E29: 41120 | F29: 800 | J29: =J30 -> 27.6 | K29: =K30 -> 22.4 | L29: =L30 -> 22.4
A30: Иные закупки товаров, работ и услуг для обеспечения государственных (муниципальных) нужд | B30: 65 | C30: 2 | D30: 00 | E30: 41120 | F30: 850 | J30: =J31 -> 27.6 | K30: =K31 -> 22.4 | L30: =L31 -> 22.4
A31: Общегосударственные вопросы | B31: 65 | C31: 2 | D31: 00 | E31: 41120 | F31: 850 | G31: 01 | J31: =J32 -> 27.6 | K31: =K32 -> 22.4 | L31: =L32 -> 22.4
A32: Функционирование Правительства Российской Федерации, высших органов исполнительной власти субъектов Российской Федерации, местных администраций | B32: 65 | C32: 2 | D32: 00 | E32: 41120 | F32: 850 | G32: 01 | H32: 04 | J32: =J33 -> 27.6 | K32: =K33 -> 22.4 | L32: =L33 -> 22.4
A33: Администрация Адашевского сельского поселения Кадошкинского муниципального района Республики Мордовия | B33: 65 | C33: 2 | D33: 00 | E33: 41120 | F33: 850 | G33: 01 | H33: 04 | I33: 910 | J33: ='Прил 2'!J25 -> 27.6 | K33: ='Прил 2'!K25 -> 22.4 | L33: ='Прил 2'!L25 -> 22.4
A34: Непрограммные расходы главных распорядителей средств бюджета Адашевского сельского поселения Кадошкинского муниципального района Республики Мордовия | B34: 89 | J34: =J35 -> 596.2 | K34: =K35 -> 536.8 | L34: =L35 -> 535.3
A35: Непрограммные расходы в рамках обеспечения деятельности главных распорядителей средств бюджета Адашевского сельского поселения Кадошкинского муниципального района Республики Мордовия | B35: 89 | C35: 1 | J35: =J41+J47+J53+J77+J83+J89+J100+J65+J71+J94 -> 596.2 | K35: =K41+K47+K53+K77+K83+K89+K100+K65+K71+K94 -> 536.8 | L35: =L41+L47+L53+L77+L83+L89+L100+L65+L71+L94 -> 535.3
A36: Доплаты к пенсиям муниципальных служащих | B36: 89 | C36: 1 | D36: 00 | E36: 03010 | J36: =J39 -> 69.6 | K36: =K39 -> 46.6 | L36: =L39 -> 21.9
A37: Социальное обеспечение и иные выплаты населению | B37: 89 | C37: 1 | D37: 00 | E37: 03010 | F37: 300 | J37: =J38 -> 69.6 | K37: =K38 -> 46.6 | L37: =L38 -> 21.9
A38: Публичные нормативные социальные выплаты гражданам | B38: 89 | C38: 1 | D38: 00 | E38: 03010 | F38: 310 | J38: =J39 -> 69.6 | K38: =K39 -> 46.6 | L38: =L39 -> 21.9
A39: Социальная политика | B39: 89 | C39: 1 | D39: 00 | E39: 03010 | F39: 310 | G39: 10 | J39: =J40 -> 69.6 | K39: =K40 -> 46.6 | L39: =L40 -> 21.9
A40: Пенсионное обеспечение | B40: 89 | C40: 1 | D40: 00 | E40: 03010 | F40: 310 | G40: 10 | H40: 01 | J40: =J41 -> 69.6 | K40: =K41 -> 46.6 | L40: =L41 -> 21.9
A41: Администрация Адашевского сельского поселения Кадошкинского муниципального района Республики Мордовия | B41: 89 | C41: 1 | D41: 00 | E41: 03010 | F41: 310 | G41: 10 | H41: 01 | I41: 910 | J41: ='Прил 2'!J76 -> 69.6 | K41: ='Прил 2'!K76 -> 46.6 | L41: ='Прил 2'!L76 -> 21.9
A42: Резервный фонд администрации Адашевского сельского поселения Кадошкинского муниципального района Республики Мордовия | B42: 89 | C42: 1 | D42: 00 | E42: 41180 | J42: =J45 -> 1 | K42: =K45 -> 1 | L42: =L45 -> 1
A43: Иные бюджетные ассигнования | B43: 89 | C43: 1 | D43: 00 | E43: 41180 | F43: 800 | J43: =J44 -> 1 | K43: =K44 -> 1 | L43: =L44 -> 1
A44: Резервные средства | B44: 89 | C44: 1 | D44: 00 | E44: 41180 | F44: 870 | J44: =J45 -> 1 | K44: =K45 -> 1 | L44: =L45 -> 1
A45: Общегосударственные вопросы | B45: 89 | C45: 1 | D45: 00 | E45: 41180 | F45: 870 | G45: 01 | J45: =J46 -> 1 | K45: =K46 -> 1 | L45: =L46 -> 1
A46: Резервные фонды | B46: 89 | C46: 1 | D46: 00 | E46: 41180 | F46: 870 | G46: 01 | H46: 11 | J46: =J47 -> 1 | K46: =K47 -> 1 | L46: =L47 -> 1
A47: Администрация Адашевского сельского поселения Кадошкинского муниципального района Республики Мордовия | B47: 89 | C47: 1 | D47: 00 | E47: 41180 | F47: 870 | G47: 01 | H47: 11 | I47: 910 | J47: ='Прил 2'!J37 -> 1 | K47: ='Прил 2'!K37 -> 1 | L47: ='Прил 2'!L37 -> 1
A48: Процентные платежи по муниципальному долгу | B48: 89 | C48: 1 | D48: 00 | E48: 41240 | J48: =J51 -> 1 | K48: =K51 -> 1 | L48: =L51 -> 1
A49: Обслуживание государственного (муниципального) долга | B49: 89 | C49: 1 | D49: 00 | E49: 41240 | F49: 700 | J49: =J50 -> 1 | K49: =K50 -> 1 | L49: =L50 -> 1
A50: Обслуживание муниципального долга | B50: 89 | C50: 1 | D50: 00 | E50: 41240 | F50: 730 | J50: =J51 -> 1 | K50: =K51 -> 1 | L50: =L51 -> 1
A51: Обслуживание государственного и муниципального долга | B51: 89 | C51: 1 | D51: 00 | E51: 41240 | F51: 730 | G51: 13 | J51: =J52 -> 1 | K51: =K52 -> 1 | L51: =L52 -> 1
A52: Обслуживание государственного внутреннего и муниципального долга | B52: 89 | C52: 1 | D52: 00 | E52: 41240 | F52: 730 | G52: 13 | H52: 01 | J52: =J53 -> 1 | K52: =K53 -> 1 | L52: =L53 -> 1
A53: Администрация Адашевского сельского поселения Кадошкинского муниципального района Республики Мордовия | B53: 89 | C53: 1 | D53: 00 | E53: 41240 | F53: 730 | G53: 13 | H53: 01 | I53: 910 | J53: ='Прил 2'!J83 -> 1 | K53: ='Прил 2'!K83 -> 1 | L53: ='Прил 2'!L83 -> 1
A54: Условно утверждаемые расходы | B54: 89 | C54: 1 | D54: 00 | E54: 41990 | K54: =K55 -> 23 | L54: =L55 -> 47.7
A55: Иные бюджетные ассигнования | B55: 89 | C55: 1 | D55: 00 | E55: 41990 | F55: 800 | K55: =K56 -> 23 | L55: =L56 -> 47.7
A56: Резервные средства | B56: 89 | C56: 1 | D56: 00 | E56: 41990 | F56: 870 | K56: =K57 -> 23 | L56: =L57 -> 47.7
A57: Условно утверждаемые расходы | B57: 89 | C57: 1 | D57: 00 | E57: 41990 | F57: 870 | G57: 99 | K57: =K58 -> 23 | L57: =L58 -> 47.7
A58: Условно утверждаемые расходы | B58: 89 | C58: 1 | D58: 00 | E58: 41990 | F58: 870 | G58: 99 | H58: 99 | K58: =K59 -> 23 | L58: =L59 -> 47.7
A59: Администрация Адашевского сельского поселения Кадошкинского муниципального района Республики Мордовия | B59: 89 | C59: 1 | D59: 00 | E59: 41990 | F59: 870 | G59: 99 | H59: 99 | I59: 910 | K59: ='Прил 2'!K90 -> 23 | L59: ='Прил 2'!L90 -> 47.7
A60: Уличное освещение | B60: 89 | C60: 0 | D60: 00 | E60: 43010 | J60: =J63 -> 50 | K60: =K63 -> 50 | L60: =L63 -> 50
A61: Иные закупки товаров, работ и услуг для обеспечения государственных (муниципальных) нужд | B61: 89 | C61: 0 | D61: 00 | E61: 43010 | F61: 200 | J61: =J62 -> 50 | K61: =K62 -> 50 | L61: =L62 -> 50
A62: Прочая закупка товаров, работ и услуг | B62: 89 | C62: 0 | D62: 00 | E62: 43010 | F62: 240 | J62: =J63 -> 50 | K62: =K63 -> 50 | L62: =L63 -> 50
A63: Коммунальное хозяйство | B63: 89 | C63: 0 | D63: 00 | E63: 43010 | F63: 240 | G63: 05 | J63: =J64 -> 50 | K63: =K64 -> 50 | L63: =L64 -> 50
A64: Благоустройство | B64: 89 | C64: 0 | D64: 00 | E64: 43010 | F64: 240 | G64: 05 | H64: 03 | J64: =J65 -> 50 | K64: =K65 -> 50 | L64: =L65 -> 50
A65: Администрация Адашевского сельского поселения Кадошкинского муниципального района Республики Мордовия | B65: 89 | C65: 0 | D65: 00 | E65: 43010 | F65: 240 | G65: 05 | H65: 03 | I65: 910 | J65: ='Прил 2'!J66 -> 50 | K65: ='Прил 2'!K66 -> 50 | L65: ='Прил 2'!L66 -> 50
A66: Прочие мероприятия по благоустройству | B66: 89 | C66: 0 | D66: 00 | E66: 43040 | J66: =J69 -> 83.6 | K66: =K69 -> 45.3 | L66: =L69 -> 49.1
A67: Иные закупки товаров, работ и услуг для обеспечения государственных (муниципальных) нужд | B67: 89 | C67: 0 | D67: 00 | E67: 43040 | F67: 200 | J67: =J68 -> 83.6 | K67: =K68 -> 45.3 | L67: =L68 -> 49.1
A68: Прочая закупка товаров, работ и услуг | B68: 89 | C68: 0 | D68: 00 | E68: 43040 | F68: 240 | J68: =J69 -> 83.6 | K68: =K69 -> 45.3 | L68: =L69 -> 49.1
A69: Коммунальное хозяйство | B69: 89 | C69: 0 | D69: 00 | E69: 43040 | F69: 240 | G69: 05 | J69: =J70 -> 83.6 | K69: =K70 -> 45.3 | L69: =L70 -> 49.1
A70: Благоустройство | B70: 89 | C70: 0 | D70: 00 | E70: 43040 | F70: 240 | G70: 05 | H70: 03 | J70: =J71 -> 83.6 | K70: =K71 -> 45.3 | L70: =L71 -> 49.1
A71: Администрация Адашевского сельского поселения Кадошкинского муниципального района Республики Мордовия | B71: 89 | C71: 0 | D71: 00 | E71: 43040 | F71: 240 | G71: 05 | H71: 03 | I71: 910 | J71: ='Прил 2'!J69 -> 83.6 | K71: ='Прил 2'!K69 -> 45.3 | L71: ='Прил 2'!L69 -> 49.1
A72: Иные межбюджетные трансферты на осуществление полномочий по организации в границах поселения электро-, тепло-, газо- и водоснабжения населения, водоотведения, снабжения населения топливом в пределах полномочий, установленных законодательством Российской Федерации | B72: 89 | C72: 1 | D72: 00 | E72: 44101 | J72: =J75 -> 34.4 | K72: =K75 -> 34.4 | L72: =L75 -> 34.4
A73: Иные закупки товаров, работ и услуг для обеспечения государственных (муниципальных) нужд | B73: 89 | C73: 1 | D73: 00 | E73: 44101 | F73: 200 | J73: =J74 -> 34.4 | K73: =K74 -> 34.4 | L73: =L74 -> 34.4
A74: Прочая закупка товаров, работ и услуг | B74: 89 | C74: 1 | D74: 00 | E74: 44101 | F74: 240 | J74: =J75 -> 34.4 | K74: =K75 -> 34.4 | L74: =L75 -> 34.4
A75: Жилищно-коммунальное хозяйство | B75: 89 | C75: 1 | D75: 00 | E75: 44101 | F75: 240 | G75: 05 | J75: =J76 -> 34.4 | K75: =K76 -> 34.4 | L75: =L76 -> 34.4
A76: Коммунальное хозяйство | B76: 89 | C76: 1 | D76: 00 | E76: 44101 | F76: 240 | G76: 05 | H76: 02 | J76: =J77 -> 34.4 | K76: =K77 -> 34.4 | L76: =L77 -> 34.4
A77: Администрация Адашевского сельского поселения Кадошкинского муниципального района Республики Мордовия | B77: 89 | C77: 1 | D77: 00 | E77: 44101 | F77: 240 | G77: 05 | H77: 02 | I77: 910 | J77: ='Прил 2'!J60 -> 34.4 | K77: ='Прил 2'!K60 -> 34.4 | L77: ='Прил 2'!L60 -> 34.4
A78: Иные межбюджетные трансферты на осуществление полномочий по дорожной деятельности в отношении автомобильных дорог местного значения в границах населенных пунктов поселения и обеспечению безопасности дорожного движения на них, включая создание и обеспечение функционирования парковок (парковочных мест), осуществлению муниципального контроля за сохранностью автомобильных дорог местного значения в границах населенных пунктов поселения, организации дорожного движения, а также осуществлению иных полномочий в области использования автомобильных дорог и осуществления дорожной деятельности в соответствии с законодательством Российской Федерации | B78: 89 | C78: 1 | D78: 00 | E78: 44102 | J78: =J81 -> 266.7 | K78: =K81 -> 265.6 | L78: =L81 -> 281.8
A79: Иные закупки товаров, работ и услуг для обеспечения государственных (муниципальных) нужд | B79: 89 | C79: 1 | D79: 00 | E79: 44102 | F79: 200 | J79: =J80 -> 266.7 | K79: =K80 -> 265.6 | L79: =L80 -> 281.8
A80: Прочая закупка товаров, работ и услуг | B80: 89 | C80: 1 | D80: 00 | E80: 44102 | F80: 240 | J80: =J81 -> 266.7 | K80: =K81 -> 265.6 | L80: =L81 -> 281.8
A81: Национальная экономика | B81: 89 | C81: 1 | D81: 00 | E81: 44102 | F81: 240 | G81: 04 | J81: =J82 -> 266.7 | K81: =K82 -> 265.6 | L81: =L82 -> 281.8
A82: Дорожное хозяйство (дорожные фонды) | B82: 89 | C82: 1 | D82: 00 | E82: 44102 | F82: 240 | G82: 04 | H82: 09 | J82: =J83 -> 266.7 | K82: =K83 -> 265.6 | L82: =L83 -> 281.8
A83: Администрация Адашевского сельского поселения Кадошкинского муниципального района Республики Мордовия | B83: 89 | C83: 1 | D83: 00 | E83: 44102 | F83: 240 | G83: 04 | H83: 09 | I83: 910 | J83: ='Прил 2'!J53 -> 266.7 | K83: ='Прил 2'!K53 -> 265.6 | L83: ='Прил 2'!L53 -> 281.8
A84: Осуществление государственных полномочий Российской Федерации о первичному воинскому учету на территориях, где отсутствуют военные комиссариаты | B84: 89 | C84: 1 | D84: 00 | E84: 51180 | J84: =J87+J90 -> 89.8 | K84: =K87+K90 -> 92.8 | L84: =L87+L90 -> 96
A85: Расходы на выплаты персоналу в целях обеспечения выполнения функций государственными (муниципальными) органами, казенными учреждениями, органами управления государственными внебюджетными фондами | B85: 89 | C85: 1 | D85: 00 | E85: 51180 | F85: 100 | J85: =J86 -> 85.8 | K85: =K86 -> 88.8 | L85: =L86 -> 92
A86: Расходы на выплаты персоналу государственных (муниципальных) органов | B86: 89 | C86: 1 | D86: 00 | E86: 51180 | F86: 120 | J86: =J87 -> 85.8 | K86: =K87 -> 88.8 | L86: =L87 -> 92
A87: Национальная оборона | B87: 89 | C87: 1 | D87: 00 | E87: 51180 | F87: 120 | G87: 02 | J87: =J88 -> 85.8 | K87: =K88 -> 88.8 | L87: =L88 -> 92
A88: Мобилизационная и вневойсковая подготовка | B88: 89 | C88: 1 | D88: 00 | E88: 51180 | F88: 120 | G88: 02 | H88: 03 | J88: =J89 -> 85.8 | K88: =K89 -> 88.8 | L88: =L89 -> 92
A89: Администрация Адашевского сельского поселения Кадошкинского муниципального района Республики Мордовия | B89: 89 | C89: 1 | D89: 00 | E89: 51180 | F89: 120 | G89: 02 | H89: 03 | I89: 910 | J89: ='Прил 2'!J44 -> 85.8 | K89: ='Прил 2'!K44 -> 88.8 | L89: ='Прил 2'!L44 -> 92
A90: Расходы на выплаты персоналу в целях обеспечения выполнения функций государственными (муниципальными) органами, казенными учреждениями, органами управления государственными внебюджетными фондами | B90: 89 | C90: 1 | D90: 00 | E90: 51180 | F90: 200 | J90: =J91 -> 4 | K90: =K91 -> 4 | L90: =L91 -> 4
A91: Расходы на выплаты персоналу государственных (муниципальных) органов | B91: 89 | C91: 1 | D91: 00 | E91: 51180 | F91: 240 | J91: =J92 -> 4 | K91: =K92 -> 4 | L91: =L92 -> 4
A92: Национальная оборона | B92: 89 | C92: 1 | D92: 00 | E92: 51180 | F92: 240 | G92: 02 | J92: =J93 -> 4 | K92: =K93 -> 4 | L92: =L93 -> 4
A93: Мобилизационная и вневойсковая подготовка | B93: 89 | C93: 1 | D93: 00 | E93: 51180 | F93: 240 | G93: 02 | H93: 03 | J93: =J94 -> 4 | K93: =K94 -> 4 | L93: =L94 -> 4
A94: Администрация Адашевского сельского поселения Кадошкинского муниципального района Республики Мордовия | B94: 89 | C94: 1 | D94: 00 | E94: 51180 | F94: 240 | G94: 02 | H94: 03 | I94: 910 | J94: ='Прил 2'!J46 -> 4 | K94: ='Прил 2'!K46 -> 4 | L94: ='Прил 2'!L46 -> 4
A95: Осуществление государственных полномочий Республики Мордовия по определению перечня должностных лиц, уполномоченных составлять протоколы об административных правонарушениях, предусмотренных Законом Республики Мордовия от 15 июня 2015 года № 38-З "Об административной ответственности на территории Республики Мордовия" | B95: 89 | C95: 1 | D95: 00 | E95: 77150 | J95: =J98 -> 0.1 | K95: =K98 -> 0.1 | L95: =L98 -> 0.1
A96: Иные закупки товаров, работ и услуг для обеспечения государственных (муниципальных) нужд | B96: 89 | C96: 1 | D96: 00 | E96: 77150 | F96: 200 | J96: =J97 -> 0.1 | K96: =K97 -> 0.1 | L96: =L97 -> 0.1
A97: Прочая закупка товаров, работ и услуг | B97: 89 | C97: 1 | D97: 00 | E97: 77150 | F97: 240 | J97: =J98 -> 0.1 | K97: =K98 -> 0.1 | L97: =L98 -> 0.1
A98: Общегосударственные вопросы | B98: 89 | C98: 1 | D98: 00 | E98: 77150 | F98: 240 | G98: 01 | J98: =J99 -> 0.1 | K98: =K99 -> 0.1 | L98: =L99 -> 0.1
A99: Функционирование Правительства Российской Федерации, высших органов исполнительной власти субъектов Российской Федерации, местных администраций | B99: 89 | C99: 1 | D99: 00 | E99: 77150 | F99: 240 | G99: 01 | H99: 04 | J99: =J100 -> 0.1 | K99: =K100 -> 0.1 | L99: =L100 -> 0.1
A100: Администрация Адашевского сельского поселения Кадошкинского муниципального района Республики Мордовия | B100: 89 | C100: 1 | D100: 00 | E100: 77150 | F100: 240 | G100: 01 | H100: 04 | I100: 910 | J100: ='Прил 2'!J29 -> 0.1 | K100: ='Прил 2'!K29 -> 0.1 | L100: ='Прил 2'!L29 -> 0.1

Sheet Прил 5
C1: Приложение 5 к решению Совета депутатов Адашевского сельского поселения "О бюджете Адашевского сельского поселения Кадошкинского муниципального района Республики Мордовия на 2022 год и на плановый период 2023 и 2024 годов"
A2: ИСТОЧНИКИ ВНУТРЕННЕГО ФИНАНСИРОВАНИЯ ДЕФИЦИТА БЮДЖЕТА АДАШЕВСКОГО СЕЛЬСКОГО ПОСЕЛЕНИЯ КАДОШКИНСКОГО МУНИЦИПАЛЬНОГО РАЙОНА РЕСПУБЛИКИ МОРДОВИЯ НА 2022 ГОД И НА ПЛАНОВЫЙ ПЕРИОД 2023 И 2024 ГОДОВ
A4: Код | B4: Наименование кода группы, подгруппы, статьи, вида источника финансирования дефицитов бюджетов, кода классификации операций сектора государственного управления, относящихся к источникам финансирования дефицитов бюджетов Российской Федерации | C4: Сумма (тыс. руб.)
C5: 2022 год | D5: 2023 год | E5: 2024 год
A6: 1 | B6: 2 | C6: 3 | D6: 4 | E6: 5
A7: 000 01 00 00 00 00 0000 000 | B7: ИСТОЧНИКИ ВНУТРЕННЕГО ФИНАНСИРОВАНИЯ ДЕФИЦИТОВ БЮДЖЕТОВ | C7: =C8+C11+C15 -> 0.04 | D7: =D8+D11+D15 -> 4.6185278e-14 | E7: =E8+E11+E15 -> -9.2370556e-14
A8: 000 01 02 00 00 00 0000 000 | B8: Кредиты кредитных организаций в валюте Российской Федерации | C8: =SUM(C9) -> 0 | D8: =SUM(D9) -> 0 | E8: =SUM(E9) -> 0
A9: 000 01 02 00 00 00 0000 700 | B9: Получение кредитов от кредитных организаций в валюте Российской Федерации | C9: =SUM(C10) -> 0 | D9: =SUM(D10) -> 0 | E9: =SUM(E10) -> 0
A10: 000 01 02 00 00 10 0000 710 | B10: Получение кредитов от кредитных организаций бюджетами поселений в валюте Российской Федерации | C10: 0 | D10: 0 | E10: 0
A11: 000 01 03 00 00 00 0000 000 | B11: Бюджетные кредиты от других бюджетов бюджетной системы Российской Федерации | C11: =C12 -> -20.8 | D11: =D12 -> -31.2 | E11: =E12 -> -41.6
A12: 000 01 03 01 00 00 0000 000 | B12: Бюджетные кредиты от других бюджетов бюджетной системы Российской Федерации в валюте Российской Федерации | C12: =C13 -> -20.8 | D12: =D13 -> -31.2 | E12: =E13 -> -41.6
A13: 000 01 03 01 00 10 0000 800 | B13: Погашение бюджетных кредитов, полученных от других бюджетов бюджетной системы Российской Федерации в валюте Российской Федерации | C13: =SUM(C14) -> -20.8 | D13: =SUM(D14) -> -31.2 | E13: =SUM(E14) -> -41.6
A14: 000 01 03 01 00 10 0000 810 | B14: Погашение бюджетами сельских поселений кредитов от других бюджетов бюджетной системы Российской Федерации в валюте Российской Федерации | C14: -20.8 | D14: -31.2 | E14: -41.6
A15: 000 01 05 00 00 00 0000 000 | B15: Изменения остатков средств на счетах по учету средств бюджетов | C15: =C18+C19 -> 20.84 | D15: =D18+D19 -> 31.2 | E15: =E18+E19 -> 41.6
A16: 000 01 05 02 00 00 0000 500 | B16: Увеличение прочих остатков средств бюджетов | C16: =SUM(C17) -> -1244.4 | D16: =SUM(D17) -> -1012.1 | E16: =SUM(E17) -> -1050.3
A17: 000 01 05 02 01 00 0000 510 | B17: Увеличение прочих остатков денежных средств бюджетов | C17: =SUM(C18) -> -1244.4 | D17: =SUM(D18) -> -1012.1 | E17: =SUM(E18) -> -1050.3
A18: 000 01 05 02 01 10 0000 510 | B18: Увеличение прочих остатков денежных средств бюджетов сельских поселений | C18: =-('Прил 1'!C7+C10) -> -1244.4 | D18: =-('Прил 1'!D7+D10) -> -1012.1 | E18: =-('Прил 1'!E7+E10) -> -1050.3
A19: 000 01 05 02 00 00 0000 600 | B19: Уменьшение прочих остатков средств бюджетов | C19: =SUM(C20) -> 1265.24 | D19: =SUM(D20) -> 1043.3 | E19: =SUM(E20) -> 1091.9
A20: 000 01 05 02 01 00 0000 610 | B20: Уменьшение прочих остатков денежных средств бюджетов | C20: =SUM(C21) -> 1265.24 | D20: =SUM(D21) -> 1043.3 | E20: =SUM(E21) -> 1091.9
A21: 000 01 05 02 01 10 0000 610 | B21: Уменьшение прочих остатков денежных средств бюджетов сельских поселений | C21: ='Прил 3'!I7-C14 -> 1265.24 | D21: ='Прил 3'!J7-D14 -> 1043.3 | E21: ='Прил 3'!K7-E14 -> 1091.9

Sheet Прил 6
C1: Приложение 6 к решению Совета депутатов Адашевского сельского поселения "О бюджете Адашевского сельского поселения Кадошкинского муниципального района Республики Мордовия на 2022 год и на плановый период 2023 и 2024 годов"
A2: ПРОГРАММА МУНИЦИПАЛЬНЫХ ВНУТРЕННИХ ЗАИМСТВОВАНИЙ АДАШЕВСКОГО СЕЛЬСКОГО ПОСЕЛЕНИЯ КАДОШКИНСКОГО МУНИЦИПАЛЬНОГО РАЙОНА РЕСПУБЛИКИ МОРДОВИЯ НА 2022 ГОД И НА ПЛАНОВЫЙ ПЕРИОД 2023 И 2024 ГОДОВ
A6: № п/п | B6: Виды заимствований | C6: Сумма (тыс.руб.)
C7: 2022 год | D7: 2023 год | E7: 2024 год
A8: 1 | B8: 2 | C8: 3 | D8: 4 | E8: 5
A9: I | B9: Кредиты кредитных организаций в валюте Российской Федерации | C9: =C11 -> 0 | D9: =D11 -> 0 | E9: =E11 -> 0
B10: в том числе:
A11: 1 | B11: Объем привлечения | C11: 0 | D11: 0 | E11: 0
A12: 2 | B12: Объем средств, напрвляемых на погашение основной суммы долга
A13: II | B13: Бюджетные кредиты от других бюджетов бюджетной системы Российской Федерации | C13: =C16 -> -20.8 | D13: =D16 -> -31.2 | E13: =E16 -> -41.6
B14: в том числе
A15: 1 | B15: Объем привлечения
A16: 2 | B16: Объем средств, напрвляемых на погашение основной суммы долга | C16: -20.8 | D16: -31.2 | E16: -41.6
B17: ВСЕГО | C17: =C11+C16 -> -20.8 | D17: =D11+D16 -> -31.2 | E17: =E11+E16 -> -41.6
